AoeStats
← Chiripa605

Arena

506928664Analyzed
3v3 RM · 16d ago on Sep 15, 2026· 43m 54s· 6 players
Game mode
Random Map
Map size
Normal (6 player)
Population
200
Speed
Normal
Resources
Standard
Victory
Conquest
Starting age
Dark Age
Ending age
Imperial Age
RankedLock teamsTeams togetherTeam positionsShared explorationLock speedFull tech treeHidden civsTurbo modeCheats
Victory
Defeat
🇬🇧 Gurjaras · United Kingdom
1222
+19
🇬🇧 Jurchens · United Kingdom
1217
+19
🇬🇧 Goths · United Kingdom
1190
+20
🇵🇪 Persians · Peru
1347
-22
🇺🇸 Britons · United States
1259
-18
🇧🇦 Khmer · Bosnia & Herzegovina
1254
-18
Chiripa605
10:28 Feudal Age
11:19 Double-Bit Axe
14:24 Castle Age
12:13 Horse Collar
15:26 Bow Saw
16:23 Loom
17:24 Scale Mail Armor
17:10 Pikeman
21:20 Wheelbarrow
21:46 Heavy Plow
22:07 Gold Mining
24:29 Gold Shaft Mining
23:59 Stone Mining
24:58 Hand Cart
24:38 Town Watch
25:38 Squires
29:58 Imperial Age
28:08 Ballistics
27:27 Crossbowman
28:35 Treadmill Crane
30:42 Chain Mail Armor
30:19 Fletching
30:52 Chain Mail Armor
30:00 Halberdier
31:27 Bodkin Arrow
32:05 Plate Mail Armor
32:38 Chemistry
33:00 Two-Man Saw
32:32 Conscription
32:52 Forging
34:00 Arbalester
35:27 Iron Casting
35:38 Bracer
36:22 Padded Archer Armor
38:32 Blast Furnace
37:50 Leather Archer Armor
37:36 Gambesons
37:11 Man-at-Arms
37:37 Arson
38:10 Elite Skirmisher
39:10 Long Swordsman
39:55 Two-Handed Swordsman
40:57 Champion
offbyone
10:32 Feudal Age
15:16 Castle Age
13:48 Double-Bit Axe
14:44 Horse Collar
20:01 Bow Saw
26:18 Wheelbarrow
26:25 Heavy Plow
26:50 Pikeman
27:43 Gold Mining
33:03 Imperial Age
30:50 Hand Cart
31:00 Loom
32:58 Gold Shaft Mining
33:21 Halberdier
34:45 Conscription
34:46 Scale Mail Armor
35:22 Ballistics
37:03 Chemistry
37:38 Masonry
38:23 Chain Mail Armor
39:32 Forging
39:33 Double Crossbow
40:44 Bloodlines
40:58 Husbandry
41:05 Scale Barding Armor
41:47 Light Cavalry
Peru_o_O
10:23 Feudal Age
11:35 Loom
11:58 Double-Bit Axe
14:40 Castle Age
12:36 Horse Collar
15:31 Bow Saw
22:45 Wheelbarrow
22:58 Gold Mining
22:58 Stone Mining
23:04 Stone Mining
24:13 Hand Cart
24:34 Bloodlines
24:25 Husbandry
24:43 Scale Barding Armor
26:27 Chain Barding Armor
26:55 Husbandry
27:55 Forging
31:51 Imperial Age
29:10 Crossbowman
29:57 Thumb Ring
29:43 Fletching
30:18 Padded Archer Armor
31:09 Kamandaran
32:53 Leather Archer Armor
32:33 Bodkin Arrow
32:20 Cavalier
34:18 Chemistry
34:08 Ballistics
35:11 Plate Barding Armor
34:00 Light Cavalry
36:06 Two-Man Saw
36:41 Iron Casting
37:29 Heavy Plow
38:50 Blast Furnace
43:09 Hussar
SmnRndm
10:45 Feudal Age
11:39 Double-Bit Axe
14:30 Castle Age
13:03 Horse Collar
16:38 Wheelbarrow
18:19 Loom
21:27 Bow Saw
22:53 Squires
22:55 Scale Mail Armor
24:33 Hand Cart
24:08 Pikeman
27:04 Heavy Plow
29:48 Imperial Age
31:39 Two-Man Saw
31:16 Conscription
30:58 Perfusion
30:47 Halberdier
31:52 Capped Ram
33:14 Chain Mail Armor
33:42 Anarchy
35:26 Forging
37:00 Elite Huskarl
38:43 Iron Casting
Song Jin-Woo
10:40 Feudal Age
16:12 Castle Age
14:46 Double-Bit Axe
14:43 Horse Collar
15:53 Bloodlines
18:10 Wheelbarrow
18:36 Heavy Plow
22:06 Town Watch
22:10 Loom
23:21 Bow Saw
26:58 Scale Barding Armor
27:44 Husbandry
28:05 Chain Barding Armor
29:30 Forging
29:39 Hand Cart
29:57 Town Patrol
31:44 Iron Casting
35:44 Imperial Age
35:47 Elite Steppe Lancer
37:30 Conscription
36:33 Elite Iron Pagoda
37:39 Gold Mining
38:43 Conscription
40:27 Gold Shaft Mining
40:53 Plate Barding Armor
41:19 Blast Furnace
41:15 Fortified Wall
42:10 Fortified Bastions
LordSandwich
9:36 Feudal Age
9:49 Loom
13:52 Castle Age
12:29 Double-Bit Axe
14:59 Bow Saw
20:22 Horse Collar
25:00 Wheelbarrow
24:27 Heavy Plow
27:12 Gold Mining
30:44 Imperial Age
28:02 Town Watch
29:10 Hand Cart
29:38 Fletching
30:42 Bodkin Arrow
30:50 Padded Archer Armor
31:29 Ballistics
31:45 Bracer
32:47 Chemistry
32:23 Elite Elephant Archer
33:10 Thumb Ring
33:54 Leather Archer Armor
33:42 Husbandry
38:40 Bloodlines
38:33 Town Patrol
38:43 Heavy Scorpion
41:05 Scale Barding Armor
41:14 Forging
41:04 Scale Mail Armor
41:27 Conscription
43:14 Gold Shaft Mining
42:30 Stone Mining
Connection lost

Rejoining the realm…

Still unreachable

The connection could not be restored.

Session expired

The server has moved on; the page needs a fresh start.